[ AOE2 MATCH · #505717948 ]
UnrankedJurchens vs Huns
Player's team · WIN
Rival team · LOSS
[ REPLAY ANALYSIS · EXTRACTED FROM THE RECORDED GAME ]
Feudal
—
Castle
—
Imperial
—
| APM avg | 61.8 |
| APM peak | 75 |
| eAPM avg | 23.9 |
| Villagers / military | 27 / 4 |
Focus
⚔️ 25.3% · 🌾 74.7%
Militia ×4
Feudal
—
Castle
—
Imperial
—
| APM avg | 46.0 |
| APM peak | 100 |
| eAPM avg | 17.2 |
| Villagers / military | 15 / 0 |
Focus
⚔️ 35.0% · 🌾 65.0%
Match map
Initial resources + every placement click. Lines = walls · curves = elevation contours. ◆ gold · ⬟ stone · ● berries · ✦ relic · ◌ wall gap
Your base
[Pepe Saint] Lugut's base
Smoothed initial terrain · ◌ = detected wall gap · hover for details
Inputs per minute
— MztK | FeNiX - - [Pepe Saint] Lugut
Build order — MztK | FeNiX
39 actions detected in the replay
| 0:00 | Queue | Villager (Male) |
| 0:01 | Build | House |
| 0:02 | Build | House |
| 0:18 | Queue | Villager (Male) |
| 0:21 | Queue | Villager (Male) |
| 0:21 | Queue | Villager (Male) |
| 1:48 | Queue | Villager (Male) |
| 1:49 | Queue | Villager (Male) |
| 2:06 | Queue | Villager (Male) |
| 2:06 | Queue | Villager (Male) |
| 2:22 | Queue | Villager (Male) |
| 3:04 | Build | Barracks |
| 3:08 | Queue | Villager (Male) |
| 3:08 | Queue | Villager (Male) |
| 3:51 | Build | House |
| 3:57 | Queue | Villager (Male) |
| 4:06 | Queue | Militia |
| 4:11 | Queue | Villager (Male) |
| 4:12 | Queue | Villager (Male) |
| 4:25 | Queue | Villager (Male) |
| 4:33 | Queue | Villager (Male) |
| 4:53 | Queue | Militia |
| 5:19 | Queue | Militia |
| 5:21 | Queue | Villager (Male) |
| 5:29 | Build | House |
| 5:41 | Queue | Militia |
| 5:47 | Queue | Villager (Male) |
| 5:47 | Queue | Villager (Male) |
| 6:20 | Build | House |
| 6:22 | Queue | Villager (Male) |
| 6:22 | Queue | Villager (Male) |
| 6:23 | Queue | Villager (Male) |
| 6:56 | Queue | Villager (Male) |
| 7:21 | Build | Lumber Camp |
| 7:26 | Queue | Villager (Male) |
| 7:50 | Queue | Villager (Male) |
| 7:55 | Build | Mill |
| 8:12 | Queue | Villager (Male) |
| 8:21 | Queue | Villager (Male) |
Build order — [Pepe Saint] Lugut
24 actions detected in the replay
| 0:00 | Queue | Villager (Male) |
| 0:01 | Queue | Villager (Male) |
| 0:06 | Queue | Villager (Male) |
| 0:06 | Queue | Villager (Male) |
| 1:39 | Queue | Villager (Male) |
| 1:50 | Build | Lumber Camp |
| 1:53 | Queue | Villager (Male) |
| 2:13 | Queue | Villager (Male) |
| 2:47 | Queue | Villager (Male) |
| 3:04 | Queue | Villager (Male) |
| 3:47 | Queue | Villager (Male) |
| 3:47 | Queue | Villager (Male) |
| 4:31 | Build | Mill |
| 4:31 | Queue | Villager (Male) |
| 4:51 | Queue | Villager (Male) |
| 4:51 | Queue | Villager (Male) |
| 5:48 | Build | Palisade Wall |
| 5:50 | Build | Palisade Wall |
| 5:54 | Build | Palisade Wall |
| 5:55 | Build | Palisade Wall |
| 6:06 | Queue | Villager (Male) |
| 6:30 | Research | Feudal Age |
| 7:30 | Build | Palisade Wall |
| 7:42 | Build | Palisade Gate |
Match timeline
| 3:04 | MztK | FeNiX · first_building Barracks |
| 5:48 | [Pepe Saint] Lugut · wall_segment Palisade Wall x1 |
| 5:50 | [Pepe Saint] Lugut · wall_segment Palisade Wall x1 |
| 5:54 | [Pepe Saint] Lugut · wall_segment Palisade Wall x1 |
| 5:55 | [Pepe Saint] Lugut · wall_segment Palisade Wall x1 |
| 7:30 | [Pepe Saint] Lugut · wall_segment Palisade Wall x1 |
| 8:31 | [Pepe Saint] Lugut · resign |
[ AI ANALYSIS · 1 CREDIT ]
What really happened in this match?
Wolo.gg analyzes every decision: build order, eco, micro, common mistakes by bracket. Personalized analysis on WhatsApp or Discord in 30 seconds.
Civ guide
Jurchens
Perfil
Jugador #2326154